 Dungeon Crawl Stone Soup version 0.31.0-11-ge490571c62 (webtiles) character file.

Game seed: 434138048942491461

61 qw the Shooter (level 3, -1/20 HPs)
             Began as a Deep Elf Hunter on Feb 4, 2024.
             Slain by a goblin
             ... wielding a +0 dagger of speed
             ... led by Robin
              (2 damage)
             ... on level 2 of the Dungeon.
             The game lasted 00:00:04 (992 turns).

qw the Shooter (Deep Elf Hunter)                     Turns: 992, Time: 00:00:04

Health: -1/20      AC:  3    Str: 10    XL:     3   Next: 83%
Magic:  5/5        EV: 12    Int: 13    God:
Gold:   35         SH:  0    Dex: 18    Spells: 2/2 levels left

rFire   . . .        a - +0 shortbow (drain)
rCold   . . .        (shield currently unavailable)
rNeg    . . .        c - +0 leather armour
rPois   .            (no helmet)
rElec   .            (no cloak)
rCorr   .            (no gloves)
SInv    .            (no boots)
Will    .....        (no amulet)
Stlth   ++           (no ring)
HPRegen 0.23/turn    (no ring)
MPRegen 0.09/turn

%: no passive effects
@: no status effects
A: no striking features
a: no special abilities


You were on level 2 of the Dungeon.
You visited 1 branch of the dungeon, and saw 2 of its levels.

You collected 35 gold pieces.


   Skills:
 - Level 1.5 Fighting
 + Level 7.3 Ranged Weapons
 - Level 2.4 Dodging
 - Level 1.2 Stealth


You had 2 spell levels left.
You didn't know any spells.
Your spell library was empty.

Inventory:

Hand Weapons
 a - a +0 shortbow of draining (weapon)
Armour
 c - a +0 leather armour (worn)
Jewellery
 j - a ring of ice
Potions
 d - a potion of enlightenment

Dungeon Overview and Level Annotations

Branches:
Dungeon (2/15)

Altars:


Message History

You shoot an arrow. The arrow hits the hobgoblin!
You kill the hobgoblin!
The goblin hits you but does no damage. x2
You shoot an arrow. The arrow barely misses the goblin. x2
The goblin hits you with a +0 dagger. The goblin hits you but does no damage.
The goblin hits you with a +0 dagger of speed.
You shoot an arrow.
The arrow hits the goblin but does no damage.
You drain the goblin.
The goblin is severely wounded.
The goblin misses you. The goblin closely misses you.
You shoot an arrow. The arrow barely misses the goblin.
The arrow completely misses the goblin.
The goblin barely misses you. The goblin closely misses you.
The goblin hits you with a +0 dagger of speed.
The goblin barely misses you.
You shoot an arrow. The arrow hits the goblin.
You kill the goblin!
The goblin completely misses you. The goblin hits you but does no damage.
You shoot an arrow. The arrow barely misses the hobgoblin.
The arrow completely misses the goblin.
The goblin closely misses you.
The hobgoblin hits you but does no damage.
You shoot an arrow. The arrow closely misses the hobgoblin.
The arrow hits the goblin.
You drain the goblin.
You kill the goblin!
The goblin barely misses you. The goblin misses you.
The hobgoblin barely misses you.
You shoot an arrow. The arrow closely misses the hobgoblin.
The goblin hits you but does no damage. The hobgoblin closely misses you.
The goblin barely misses you.
You shoot an arrow. The arrow hits the hobgoblin.
The hobgoblin is heavily wounded.
The goblin hits you with a +0 dagger of speed.
The hobgoblin hits you but does no damage.
The goblin closely misses you.
You shoot an arrow. The arrow closely misses the hobgoblin.
The hobgoblin closely misses you.
The goblin hits you with a +0 dagger of speed.
You die...

(#.# #.###..###.#
#.#....# #.. .#...
#......#.#.# #......#
#%. ####.#
####.......###......#
#.. .#
#................# #..
##...............# #..
#......####.....####..
###.#### ##....).....
#.#########.#####.##
#.g@g)..# #.......##
###.###.#.# #########.
.######...# #.# #
#......... ........###
#.# #.########
######### #)# ##...###
#)# #....>.#### #.#.
##..##..... #g#.#
##.####### #.# g
#........


You could see a hobgoblin and a goblin.

Vanquished Creatures
  Robin (D:2)
  2 dart slugs (D:1)
  A ribbon worm (D:2)
  A ball python (D:1)
  4 bats
  5 endoplasms
  2 giant cockroaches (D:1)
  11 goblins
  5 hobgoblins
  A kobold (D:1)
  2 quokkas (D:1)
  2 rats
37 creatures vanquished.

Notes
Turn   | Place    | Note
-------+----------+-------------------------------------------
     0 | D:1      | qw the Deep Elf Hunter began the quest for the Orb.
     0 | D:1      | Reached XP level 1. HP: 12/12 MP: 3/3
     0 | D:1      | 0 ||| qw: Version: 0.3-a-160-g6735b56
     0 | D:1      | 0 ||| qw: Game counter: 5633
     0 | D:1      | 0 ||| qw: Melee chars always use a shield: true
     0 | D:1      | 0 ||| qw: God list: Okawaru
     0 | D:1      | 0 ||| qw: Allow faded altars: false
     0 | D:1      | 0 ||| qw: Do Orc after clearing Dungeon:15 true
     0 | D:1      | 0 ||| qw: Do second Lair branch before Depths: true
     0 | D:1      | 0 ||| qw: Lair rune preference: random
     0 | D:1      | 0 ||| qw: Goals: Normal
     0 | D:1      | 0 ||| PLANNING D:1-11
    57 | D:1      | Reached XP level 2. HP: 16/16 MP: 4/4
    83 | D:1      | Reached skill level 6 in Ranged Weapons
   362 | D:1      | Reached XP level 3. HP: 19/20 MP: 5/5
   548 | D:1      | 548 ||| READING scroll labelled JYTHIXOISI.
   549 | D:1      | 549 ||| READING 4 scrolls labelled FYIMMA JAAMN.
   550 | D:1      | 550 ||| READING scroll labelled YGGOANLO EWNE.
   550 | D:1      | 550 ||| IDENTIFYING fuming red potion
   551 | D:1      | 551 ||| READING scroll labelled VIFEUHEEMI.
   552 | D:1      | 552 ||| READING scroll labelled DAUHOJ FEIDE.
   553 | D:1      | 553 ||| READING scroll labelled LEUXISHI EFUL.
   553 | D:1      | 553 ||| BRANDING +0 shortbow.
   554 | D:1      | 554 ||| DRINKING 2 yellow potions.
   555 | D:1      | 555 ||| DROPPING scroll of butterflies.
   556 | D:1      | 556 ||| DROPPING 3 scrolls of immolation.
   557 | D:1      | 557 ||| DROPPING potion of brilliance.
   559 | D:1      | 559 ||| Stepping ~*~*~tactically~*~*~ (cloud).
   959 | D:2      | Noticed Robin
   963 | D:2      | 963 ||| FLEEEEING.
   964 | D:2      | 964 ||| FLEEEEING.
   965 | D:2      | 965 ||| FLEEEEING.
   966 | D:2      | 966 ||| FLEEEEING.
   974 | D:2      | Reached skill level 7 in Ranged Weapons
   976 | D:2      | Killed Robin
   984 | D:2      | HP: 4/20 [goblin/+0 dagger of speed[Robin] (2)]
   991 | D:2      | HP: 1/20 [goblin/+0 dagger of speed[Robin] (3)]
   992 | D:2      | Slain by a goblin

Levels and vault maps discovered:
D:1:      mrwooster_arrival_statue_3, layout_rooms, amethyst_killhole
D:2:      layout_loops_corners, serial_co_window_serial, co_window_paths_a,
          co_window_paths_a, co_window_paths_a, co_window_paths_a,
          co_window_cross_1, co_window_2corner, co_window_unsneaky_path_d,
          co_window_unsneaky_path_c, co_window_broadway_c,
          co_window_unsneaky_path_a, co_window_corner_cb, co_window_paths_d,
          co_window_4corner_a, glass_columns_a, glass_columns_a,
          glass_columns_a, glass_columns_b, glass_columns_b, basic_altar,
          uniq_robin, uniq_sigmund

Skill      XL: |  1  2  3 |
---------------+----------+-----
Ranged Weapons | 6 7 |  7.3
Fighting       | |  1.5
Dodging        | |  2.4
Stealth        | |  1.2

Action                     || total
---------------------------++-------
   Fire: Shortbow          ||    96
    Use: Scroll            ||     6
         Potion            ||     1
 Armour: Leather armour    ||    32
  Dodge: Dodged            ||    36

Table legend:
 A = Non-vault XP
 B = Vault XP
 C = Vault XP percentage of total XP
 D = Non-vault monster count
 E = Vault monster count
 F = Vault count percentage of total count
                 A         B        C        D         E       F
            +---------+---------+-------+---------+---------+-------
      Total |      54 |      34 |  38.6 |      26 |      11 |  29.7
            +---------+---------+-------+---------+---------+-------
        D:1 |      44 |       0 |   0.0 |      21 |       0 |   0.0
        D:2 |      10 |      34 |  77.3 |       5 |      11 |  68.8
            +---------+---------+-------+---------+---------+-------
